 Dungeon Crawl Stone Soup version 0.20.1-1-g8b1a95d (webtiles) character file.

35 robba the Charmwright (level 3, 0/28 HPs)
             Began as a Human Skald on Sept 20, 2017.
             Slain by a frilled lizard (1 damage)
             ... on level 2 of the Dungeon.
             The game lasted 00:06:04 (852 turns).

robba the Charmwright (Human Skald)                  Turns: 852, Time: 00:06:04

Health: 0/28       AC:  3    Str: 12    XL:     3   Next: 52%
Magic:  1/6        EV: 12    Int: 13    God:
Gold:   32         SH:  0    Dex: 12    Spells: 3/6 levels left

rFire    . . .     SeeInvis .   n - -1 dagger (curse)
rCold    . . .     Gourm    .   (no shield)
rNeg     . . .     Faith    .   b - +0 leather armour
rPois    .         Spirit   .   (no helmet)
rElec    .         Reflect  .   (no cloak)
rCorr    .         Harm     .   (no gloves)
MR       .....                  (no boots)
Stlth    +.........             (no amulet)
Regen    0.1/turn               (no ring)
MPRegen  0.1/turn               (no ring)

@: infused (expiring), singing
A: no striking features
a: no special abilities


You were on level 2 of the Dungeon.
You were not hungry.

You visited 1 branch of the dungeon, and saw 2 of its levels.

You collected 32 gold pieces.

Inventory:

Hand Weapons
 i - a +0 mace
 n - a cursed -1 dagger (weapon)
 o - a +0 mace
Armour
 b - a +0 leather armour (worn)
Scrolls
 g - a scroll of teleportation
 h - a scroll of fear
 j - a scroll of recharging {unknown}
 m - a scroll of remove curse {unknown}
 p - a scroll of fog {unknown}
Potions
 a - a potion of flight
 k - a potion of haste {unknown}
 l - a potion of brilliance {unknown}
Books
 c - a book of Battle

   Spells                             Type                      Level
   a - Infusion                       Charms                       1
   b - Shroud of Golubria             Charms/Translocation         2
   c - Song of Slaying                Charms                       2
   d - Spectral Weapon                Hexes/Charms                 3
   e - Regeneration                   Charms/Necromancy            3
Comestibles
 d - a bread ration


   Skills:
 + Level 2.3 Fighting
   Level 2.2 Axes
 + Level 0.4(1.4) Maces & Flails
 + Level 1.5 Armour
 + Level 2.2 Dodging
 + Level 2.2 Spellcasting
 + Level 3.2 Charms


You had 3 spell levels left.
You knew the following spells:

 Your Spells              Type           Power        Failure   Level  Hunger
a - Infusion              Chrm           #...         9%          1    ##.....
b - Song of Slaying       Chrm           #.......     12%         2    ###....


Dungeon Overview and Level Annotations

Branches:
Dungeon (2/15)

Altars:


Message History

The kobold hits you with a dagger.
* * * LOW HITPOINT WARNING * * *
You hit the kobold.
The kobold is severely wounded.
The frilled lizard unfolds its giant frill.
The frilled lizard barely misses you. The kobold hits you but does no damage.
You barely miss the kobold.
The kobold is severely wounded.
The frilled lizard barely misses you. The kobold hits you but does no damage.
You closely miss the kobold.
The kobold is severely wounded.
The frilled lizard unfolds its giant frill.
The frilled lizard bites you.
* * * LOW HITPOINT WARNING * * *
The kobold hits you but does no damage.
You closely miss the kobold.
The kobold is severely wounded.
Your magical infusion is running out.
The frilled lizard bites you.
You die...

*,* #,#####*******###.# *,*
#.#....,,,,,,,,.>.# *,*
#.#...###******#..# *,*
#.......# #..# *,* #......(#
#..# *,* #.......# #..####
*,* ##.....## #...... *,*
##...l.K(## #.##### *,*
#.....@...# #.#
*,***##.........## #.# #
*,,,,......(((...######.#####
*****##...(....#.............
#.#.....#########.#####
#.##...## *** *,..# #
#,*###.# **,***.### *,* #.#
*,*,,..,****** *,* #.#
**,*##,,,,,,,,


You could see a kobold and a frilled lizard.

Vanquished Creatures
  2 dart slugs (D:1)
  A bat (D:1)
  A giant cockroach (D:2)
  4 goblins (D:1)
  6 hobgoblins (D:1)
  4 jackals (D:1)
  A frilled lizard (D:1)
  4 kobolds (D:1)
  5 rats
28 creatures vanquished.

Notes
Turn   | Place    | Note
-------+----------+-------------------------------------------
     0 | D:1      | robba the Human Skald began the quest for the Orb.
     0 | D:1      | Reached XP level 1. HP: 16/16 MP: 3/3
   149 | D:1      | Reached XP level 2. HP: 18/22 MP: 5/5
   300 | D:1      | Learned a level 2 spell: Song of Slaying
   554 | D:1      | Reached XP level 3. HP: 9/27 MP: 0/6
   851 | D:2      | HP: 1/28 [frilled lizard (2)]
   852 | D:2      | Slain by a frilled lizard

Action                   || total
-------------------------++-------
Melee: Hand axe          ||    11
       Mace              ||    61
       Dagger            ||    11
 Cast: Infusion          ||     5
       Song of Slaying   ||     3
  Use: Scroll            ||     4
Armor: Leather armour    ||    36
Dodge: Dodged            ||    75
